 Dungeon Crawl Stone Soup version 0.17-a0-2073-gde5cdba (webtiles) character file.

70 derrpe the Insei (level 4, -11/34 HPs)
             Began as a Vampire Monk on Oct 16, 2015.
             Mangled by Crazy Yiuf
             ... wielding a +4 quarterstaff of chaos
              (13 damage)
             ... on level 2 of the Dungeon.
             The game lasted 00:03:47 (1663 turns).

derrpe the Insei (Vampire Monk)                     Turns: 1663, Time: 00:03:47

Health: -11/34     AC:  2    Str: 10    XL:     4   Next: 3%
Magic:  11/13      EV: 14    Int: 13    God:
Gold:   56         SH:  0    Dex: 16    Spells: 0 memorised, 3 levels left

rFire  . . .     SeeInvis +       - Unarmed
rCold  + . .     Clarity  .     a - +0 robe
rNeg   + + .     SustAt   .     (no shield)
rPois  +         Gourm    .     (no helmet)
rElec  .         Spirit   .     (no cloak)
rCorr  .         Warding  .     (no gloves)
rMut   .         Stasis   .     (no boots)
MR     .....                    (no amulet)
Stlth  ++++......               l - ring of stealth
                                g - ring of magical power

@: regenerating slowly, not resistant to hostile enchantments, stealthy
A: fangs 3, see invisible, unbreathing
a: Bat Form


You were on level 2 of the Dungeon.
You were thirsty.

You visited 1 branch of the dungeon, and saw 2 of its levels.

You collected 56 gold pieces.

Inventory:

Armour
 a - a +0 robe (worn)
 e - a +0 ring mail
Jewellery
 c - an uncursed ring of flight
 g - a ring of magical power (left hand)
 l - a ring of stealth (right hand)
Scrolls
 f - 2 scrolls of remove curse {unknown}
 h - a scroll of amnesia {unknown}
 i - a scroll of fog {unknown}
 j - a scroll of magic mapping {unknown}
 m - a scroll of noise {unknown}
 o - 2 scrolls of identify {unknown}
 p - a scroll of random uselessness {unknown}
 q - a scroll of fear {unknown}
Potions
 b - 20 potions of blood {@q1}
 d - 2 potions of flight {unknown}
 k - a potion of curing {unknown}
 n - a potion of heal wounds {unknown}
 r - a potion of might {unknown}


   Skills:
 + Level 2.8 Fighting
 + Level 3.8 Dodging
 + Level 4.2 Stealth
 * Level 5.2 Unarmed Combat


You had 3 spell levels left.
You didn't know any spells.

Dungeon Overview and Level Annotations

Branches:
Dungeon (2/15)

Altars:
Yredelemnul

Annotations:
D:2 Crazy Yiuf


Innate Abilities, Weirdness & Mutations

You heal slowly.
You have razor-sharp teeth.
You have supernaturally acute eyesight.
You can survive without breathing.


Message History

You are too injured to fight recklessly!
You are too injured to fight recklessly!
You are too injured to fight recklessly!
You are too injured to fight recklessly!
You are too injured to fight recklessly!
You are too injured to fight recklessly!
You are too injured to fight recklessly!
You are too injured to fight recklessly!
You are too injured to fight recklessly!
You are too injured to fight recklessly!
You are too injured to fight recklessly!
You are too injured to fight recklessly!
You are too injured to fight recklessly!
You are too injured to fight recklessly!
You are too injured to fight recklessly!
Unknown command.
You barely miss Crazy Yiuf. You bite Crazy Yiuf.
Crazy Yiuf is almost dead.
Crazy Yiuf hits you with a quarterstaff of chaos!
You die...

#.####......#..........#
#..#.... #.#
#.................###.##....
).#
##....................##....
###
#.....################.....
.# ##.....# #..... .#
#÷....## #..... .# #.....##
##### ♣♣##...## .#
###......# #)..#♣♣
♣♣P#..#... ## #.....##<#
#g@...♣♣♣♣PP....... ##
#.....#..#
#...#♣..♣..)..)####
.###........#
#####♣♣♣.♣..#)## .
...........## ♣♣♣♣♣### ..
..##........# #.#
..##.....#### ..####..##
..####..#######.
................ ...


You could see Crazy Yiuf.

Vanquished Creatures
  2 adders (D:2)
  An ooze (D:1)
  4 giant geckos
  6 bats
  3 giant cockroaches
  2 gnoll zombies (D:2)
  2 hobgoblins (D:2)
  2 jackals (D:1)
  5 ball pythons
  2 goblins
  7 kobolds
  7 rats
43 creatures vanquished.

Notes
Turn   | Place    | Note
--------------------------------------------------------------
     0 | D:1      | derrpe the Vampire Monk began the quest for the Orb.
     0 | D:1      | Reached XP level 1. HP: 17/17 MP: 1/1
   237 | D:1      | Reached XP level 2. HP: 21/23 MP: 2/2
   471 | D:1      | Reached skill level 5 in Unarmed Combat
   941 | D:2      | Reached XP level 3. HP: 19/28 MP: 3/3
  1392 | D:2      | Found a basalt altar of Yredelemnul.
  1444 | D:2      | Reached XP level 4. HP: 26/34 MP: 4/4
  1649 | D:2      | Noticed Crazy Yiuf
  1663 | D:2      | Mangled by Crazy Yiuf

Vault maps used:
D:1:      nagdon_arrival_double_spiral
D:2:      lemuel_zombie_altar_yredelemnul, st_stairs_2, uniq_crazy_yiuf_cottage

Action                   |  1- 3 |  4- 6 || total
-------------------------+-------+-------++-------
Melee: Unarmed           |   105 |     9 ||   114
  Use: Potion            |     1 |       ||     1
 Stab: Sleeping          |    14 |       ||    14
